 Dungeon Crawl Stone Soup version 0.21.1-1-g345015f (webtiles) character file.

41583 Monsterracer the Grappler (level 14, -5/99 HPs)
             Began as an Octopode Fighter on June 13, 2018.
             Was an Initiate of Gozag.
             Slain by a death yak (28 damage)
             ... on level 6 of the Lair of Beasts.
             The game lasted 00:42:09 (27480 turns).

Monsterracer the Grappler (Octopode Fighter)       Turns: 27480, Time: 00:42:09

Health: -5/99      AC:  8    Str: 19    XL:     14   Next: 16%
Magic:  18/18      EV: 19    Int: 15    God:    Gozag
Gold:   1577       SH: 13    Dex: 13    Spells: 9/15 levels left

rFire    . . .     SeeInvis .     - Unarmed
rCold    + . .     Gourm    .   a - +1 shield
rNeg     . . .     Faith    .   (helmet restricted)
rPois    +         Spirit   .   O - amulet of Moral Flaws {+Rage rC+ Int+2}
rElec    .         Reflect  .   i - +3 ring of strength
rCorr    +         Harm     .   l - ring of resist corrosion
MR       ++...                  w - +4 ring of protection
Stlth    ++++++....             p - +3 ring of protection
HPRegen  0.26/turn              G - ring of protection from magic {!d}
MPRegen  0.16/turn              N - ring of stealth
                                Q - +1 ring of evasion
                                S - ring of poison resistance {!d}

@: no status effects
A: almost no armour, stealthy swim, amphibious, 8 rings, constrict 8, camouflage
1, gelatinous body 1
a: Potion Petition, Call Merchant, Bribe Branch, Renounce Religion, Evoke
Berserk Rage


You were on level 6 of the Lair of Beasts.
You worshipped Gozag.
Gozag was most pleased with you.
You were not hungry.

You visited 4 branches of the dungeon, and saw 21 of its levels.
You also visited: Labyrinth and Sewer.

You collected 3861 gold pieces.
You spent 910 gold pieces at shops.
You paid 1374 gold pieces to Gozag.

Inventory:

Missiles
 n - a throwing net (quivered)
Armour
 a - a +1 shield (worn)
Magical Staves
 b - an uncursed staff of energy {!a}
Jewellery
 i - a +3 ring of strength (left tentacle)
 l - a ring of resist corrosion (right tentacle)
 p - a +3 ring of protection (on tentacle)
 r - an uncursed ring of ice
 w - a +4 ring of protection (on tentacle)
 G - a ring of protection from magic (on tentacle) {!d}
 N - a ring of stealth (on tentacle)
 O - the amulet of Moral Flaws (around mantle) {+Rage rC+ Int+2}
   (You found it in a labyrinth)

   [amulet of rage]

   It affects your intelligence (+2).
   It protects you from cold.
   It lets you go berserk.
 Q - a +1 ring of evasion (on tentacle)
 S - a ring of poison resistance (on tentacle) {!d}
Wands
 s - a wand of disintegration (10)
 v - a wand of flame (9)
 B - a wand of iceblast (18)
 E - a wand of digging (8)
 F - a wand of paralysis (18)
Scrolls
 e - 11 scrolls of remove curse
 m - 7 scrolls of teleportation
 q - 3 scrolls of fog
 x - 4 scrolls of enchant armour
 y - 2 scrolls of blinking
 z - 9 scrolls of identify
 A - 4 scrolls of magic mapping {!r}
 K - 2 scrolls of fear {!r}
Potions
 d - 7 potions of curing
 f - 4 potions of heal wounds
 g - 4 potions of brilliance
 h - 3 potions of ambrosia {!q}
 j - 4 potions of flight
 k - 4 potions of agility
 o - a potion of invisibility
 t - a potion of might
 u - 2 potions of berserk rage {!q}
 C - 2 potions of resistance
 I - 2 potions of mutation {!q}
Books
 D - a book of the Earth

   Spells                             Type                      Level
   a - Leda's Liquefaction            Hexes/Earth                  4
   b - Bolt of Magma                  Conjuration/Fire/Earth       5
   c - Statue Form                    Transmutation/Earth          6
   d - Iron Shot                      Conjuration/Earth            6
   e - Shatter                        Earth                        9
 H - a book of Clouds

   Spells                             Type                      Level
   a - Poisonous Vapours              Poison/Air                   2
   b - Mephitic Cloud                 Conjuration/Poison/Air       3
   c - Conjure Flame                  Conjuration/Fire             3
   d - Freezing Cloud                 Conjuration/Ice/Air          6
   e - Ring of Flames                 Charms/Fire                  7
 J - a book of Transfigurations

   Spells                             Type                      Level
   a - Irradiate                      Conjuration/Transmutation    5
   b - Statue Form                    Transmutation/Earth          6
   c - Hydra Form                     Transmutation                6
   d - Dragon Form                    Transmutation                7
 L - a Necronomicon

   Spells                             Type                      Level
   a - Haunt                          Necromancy/Summoning         7
   b - Borgnjor's Revivification      Necromancy                   8
   c - Death's Door                   Charms/Necromancy            8
   d - Infestation                    Necromancy                   8
   e - Necromutation                  Transmutation/Necromancy     8
 M - the Reference Book on Protection and the Rocks
   (You found it in a labyrinth)

   Spells                             Type                      Level
   a - Sandblast                      Earth                        1
   b - Song of Slaying                Charms                       2
   c - Passwall                       Transmutation/Earth          2
   d - Ozocubu's Armour               Charms/Ice                   3
   e - Lee's Rapid Deconstruction     Earth                        5
   f - Deflect Missiles               Charms/Air                   6
Miscellaneous
 P - a phial of floods (inert)
 R - a crystal ball of energy
Comestibles
 c - 16 rations


   Skills:
 + Level 10.2 Fighting
 + Level 10.2 Dodging
 + Level 7.4 Stealth
 + Level 10.2 Shields
 * Level 14.4 Unarmed Combat
 - Level 1.3 Spellcasting
 - Level 3.8 Transmutations
 - Level 3.8 Earth Magic
 - Level 6.0 Evocations


You had 9 spell levels left.
You knew the following spells:

 Your Spells              Type           Power        Failure   Level  Hunger
h - Statue Form           Tmut/Erth      ##.......    100%        6    #######


Dungeon Overview and Level Annotations

Branches:
Dungeon (13/15)            Temple (1/1) D:6            Lair (6/6) D:9
 Shoals (0/4) Lair:3        Snake (0/4) Lair:2        Slime (0/5) Lair:5
    Orc (1/2) D:10
 Vaults: D:13-14

Altars:
Ashenzari
Cheibriados
Dithmenos
Elyvilon
Fedhas
Gozag
Hepliaklqana
Kikubaaqudgha
Makhleb
Nemelex Xobeh
Okawaru
Qazlal
Ru
Sif Muna
Trog
Uskayaw
Vehumet
Wu Jian
Xom
Yredelemnul
Zin
The Shining One
Beogh
Jiyva

Shops:
D:12 :   Orc:1 ?%   Lair:5 *

Annotations:
D:8 4 runed doors
D:9 Erolcha
D:12 1 runed door
Lair:2 exclusion: oklob plant
Lair:4 Rupert
Lair:5 exclusion: oklob plant
Orc:1 Josephine


Innate Abilities, Weirdness & Mutations

You cannot wear most types of armour.
You are very stealthy in the water. (Stealth+)
You are amphibious.
You can wear up to eight rings at the same time.
You can use your tentacles to constrict eight enemies at once.
Your skin changes colour to match your surroundings (Stealth+).
Your rubbery body absorbs attacks. (AC +1, EV +1)


Message History

You bludgeon the death yak!
The death yak is heavily wounded.
You completely miss the death yak. Your squeeze misses the death yak.
The death yak is heavily wounded.
You block the death yak's attack.
You barely miss the death yak.
You squeeze the death yak, but do no damage.
The death yak is heavily wounded.
You tentacle-slap the death yak but do no damage.
You tentacle-slap the death yak, but do no damage.
The death yak is heavily wounded.
The death yak barely misses you.
You tentacle-slap the death yak.
You tentacle-slap the death yak, but do no damage.
Your squeeze misses the death yak.
The death yak is heavily wounded.
The death yak barely misses you.
You tentacle-slap the death yak. x2; You squeeze the death yak!
The death yak is severely wounded.
You tentacle-slap the death yak but do no damage.
You tentacle-slap the death yak!
You kill the death yak!
You bludgeon the death yak!
The death yak is moderately wounded.
You bludgeon the death yak! You squeeze the death yak.
The death yak is heavily wounded.
You block the death yak's attack.
You tentacle-slap the death yak.
The death yak is heavily wounded.
The death yak gores you but does no damage.
You barely miss the death yak. You squeeze the death yak.
The death yak is heavily wounded.
You block the death yak's attack.
You tentacle-slap the death yak but do no damage.
The death yak is heavily wounded.
You barely miss the death yak. You tentacle-slap the death yak!
The death yak is severely wounded.
The death yak barely misses you.
You bludgeon the death yak! You squeeze the death yak.
The death yak is severely wounded.
You block the death yak's attack.
You tentacle-slap the death yak.
The death yak is almost dead.
The death yak barely misses you.
You bludgeon the death yak!
The death yak is almost dead.
You tentacle-slap the death yak.
You kill the death yak!
You swing at nothing.
You now have 1577 gold pieces (gained 43).
There is a stone staircase leading down, spattered with blood here.
You start resting.
HP restored.
Health restored: 99 You climb downwards.
The death yak gores you. You block the death yak's attack.
There is a stone staircase leading up, spattered with blood here.
You take 3 damage, and have 96/99 hp.
You tentacle-slap the death yak.
The death yak is lightly wounded.
You tentacle-slap the death yak.
The death yak is lightly wounded.
You block the death yak's attack.
You tentacle-slap the death yak. You squeeze the death yak.
The death yak is lightly wounded.
The death yak gores you!!
You take 20 damage, and have 76/99 hp.
MASSIVE DAMAGE!!
Unknown command.
You barely miss the death yak. Your squeeze misses the death yak.
The death yak is lightly wounded.
The death yak gores you!
You take 11 damage, and have 65/99 hp.
You are too injured to fight recklessly!
You bludgeon the death yak! You squeeze the death yak.
The death yak is moderately wounded.
You block the death yak's attack.
You tentacle-slap the death yak but do no damage.
The death yak is moderately wounded.
You completely miss the death yak. You squeeze the death yak.
The death yak is moderately wounded.
You block the death yak's attack.
You batter the death yak!! You tentacle-slap the death yak.
The death yak is severely wounded.
You block the death yak's attack.
You barely miss the death yak.
The death yak is heavily wounded.
The death yak gores you!!
* * * LOW HITPOINT WARNING * * *
You take 28 damage, and have 38/99 hp.
MASSIVE DAMAGE!!
You tentacle-slap the death yak but do no damage.
The death yak is heavily wounded.
You bludgeon the death yak!
The death yak is severely wounded.
The death yak gores you!
* * * LOW HITPOINT WARNING * * *
You take 15 damage, and have 23/99 hp.
You completely miss the death yak.
The death yak is severely wounded.
The death yak gores you!!
You die...
Your body crumbles into a pile of gold.

....#.#.###....#.#..#
.........#.#..#.....#
..###.........##....#
...............##....#
..###.#.#..PP..# .....
..#......##PP).##.##.#
.......+##......#..##
.................+P.#...
................@.......
................Y.......
.........<..............
........................
......P.##.....##...P#..
..#####.P#P...P# ..### .
...## ##...P# #)# ....#
P.... .. ..###


You could see a death yak.

Vanquished Creatures
  A minotaur (Lab)
  A vault guard (D:13)
  2 hydras
  Erica (D:9)
  A centaur warrior (D:13)
  4 death yaks
  The ghost of eccles the Cleaver, a novice MiBe of Trog (D:7)
  Nergalle (D:11)
  Pikel (D:3)
  An orc knight (D:10)
  An orc sorcerer (D:12)
  A deep elf mage (D:13)
  3 cyclopes
  2 ugly things
  3 merfolk sirens (Lair:3)
  A centaur zombie (D:12)
  A guardian serpent (shapeshifter) (D:13)
  Maurice (D:9)
  4 black mambas
  Joseph (D:9)
  7 spiny frogs
  2 gargoyles
  A rime drake (Lair:6)
  6 komodo dragons
  A kobold demonologist (D:12)
  2 minotaur zombies (Lab)
  5 trolls
  A polar bear (Lair:6)
  A merfolk (Lair:3)
  5 slime creatures (D:12)
  The ghost of inc the Shield-Bearer, an amateur OpFi (D:4)
  9 blink frogs
  16 dream sheep
  7 hippogriffs
  12 yaks
  A human (D:8)
  2 wyverns
  4 wraiths (Orc:1)
  5 vampire mosquitoes
  A warg (Orc:1)
  A soldier ant (D:11)
  A naga (Lair:2)
  11 porcupines
  8 water moccasins
  8 orc warriors
  A phantom (D:9)
  3 ice beasts
  4 black bears
  5 ogres
  2 slaves
  12 wolves
  A sky beast (D:12)
  4 centaurs
  11 crocodiles
  A big kobold (Sewer)
  17 bullfrogs
  7 scorpions
  4 killer bees (D:9)
  3 wights (D:7)
  The ghost of Iko the Ducker, a weakling MfEE (D:3)
  3 howler monkeys
  A crimson imp (D:6)
  A bullfrog zombie (D:12)
  2 hounds (D:7)
  2 jellies
  6 orc priests
  5 centaur skeletons
  4 orc wizards
  2 bullfrog skeletons (D:12)
  Terence (D:3)
  2 iguanas (D:9)
  13 worker ants
  Natasha (thrice) (D:3)
  A hound skeleton (D:5)
  Robin (D:2)
  11 adders
  A river rat (Sewer)
  3 shadow imps
  3 oozes
  An adder skeleton (D:4)
  3 worms (D:2)
  2 dart slugs
  3 leopard geckos
  40 orcs
  7 bats
  5 giant cockroaches
  15 goblins
  10 hobgoblins
  16 jackals
  5 quokkas
  3 ball pythons
  6 frilled lizards
  A jackal skeleton (D:6)
  11 kobolds
  8 rats
427 creatures vanquished.

Vanquished Creatures (others)
  An unseen horror (D:13)
  A worm (D:4)
  A quokka (D:3)
  9 fungi
  A plant (Lair:6)
13 creatures vanquished.

Grand Total: 440 creatures vanquished

Notes
Turn   | Place    | Note
-------+----------+-------------------------------------------
     0 | D:1      | Monsterracer the Octopode Fighter began the quest for the Orb.
     0 | D:1      | Reached XP level 1. HP: 16/16 MP: 1/1
   234 | D:1      | Reached XP level 2. HP: 21/21 MP: 2/2
   381 | D:1      | Reached skill level 3 in Unarmed Combat
   893 | D:2      | Noticed Robin
   898 | D:2      | Reached XP level 3. HP: 21/26 MP: 3/3
   914 | D:2      | Killed Robin
  1213 | D:2      | Reached skill level 4 in Unarmed Combat
  1241 | D:2      | Reached XP level 4. HP: 31/31 MP: 4/4
  1583 | D:3      | Noticed Iko's ghost (weakling MfEE)
  1706 | D:2      | HP: 11/31 [worm (6)]
  1889 | D:3      | HP: 14/31 [Iko's ghost/blast of sand (9)]
  1891 | D:3      | Killed Iko's ghost
  1891 | D:3      | Reached skill level 5 in Unarmed Combat
  2069 | D:3      | Reached XP level 5. HP: 36/36 MP: 5/5
  2073 | D:3      | Noticed Natasha
  2080 | D:3      | HP: 16/36 [Natasha (10)]
  2083 | D:3      | Killed Natasha
  2291 | D:3      | Found a white marble altar of Elyvilon.
  2292 | D:3      | Noticed Natasha
  2300 | D:3      | Killed Natasha
  2313 | D:3      | HP: 17/36 [jackal (3)]
  2524 | D:3      | Noticed Terence
  2529 | D:3      | Killed Terence
  2631 | D:3      | Found an ornate altar of the Wu Jian Council.
  2699 | D:3      | Found a glowing silver altar of Zin.
  2699 | D:3      | Noticed an angel
  2930 | D:4      | Found a glowing drain.
  2930 | D:4      | Noticed Pikel
  2930 | D:4      | Noticed a slave
  2930 | D:4      | Noticed a slave
  2930 | D:4      | Noticed a slave
  2930 | D:4      | Noticed a slave
  3009 | D:4      | Reached skill level 6 in Unarmed Combat
  3009 | D:4      | Reached XP level 6. HP: 40/42 MP: 6/6
  3071 | D:4      | HP: 10/42 [orc priest/divine providence (12)]
  3073 | Sewer    | Entered a sewer
  3077 | Sewer    | HP: 9/42 [river rat (2)]
  3079 | Sewer    | HP: 2/42 [river rat (8)]
  3461 | Sewer    | HP: 19/42 [big kobold/whip of flaming (4)]
  3463 | Sewer    | Reached skill level 1 in Stealth
  3466 | Sewer    | HP: 16/42 [poisoned by a kobold]
  3471 | Sewer    | HP: 12/42 [poisoned by a kobold]
  3476 | Sewer    | HP: 11/42 [poisoned by a kobold]
  3482 | Sewer    | HP: 10/42 [poisoned by a kobold]
  3489 | Sewer    | HP: 9/42 [poisoned by a kobold]
  3748 | Sewer    | Found a glowing silver altar of Zin.
  3786 | D:4      | HP: 15/42 [orc wizard/puff of flame (7)]
  3787 | D:4      | HP: 7/42 [centaur skeleton (1)]
  3795 | D:4      | HP: 21/42 [poisoned by an orc]
  3800 | D:3      | HP: 13/42 [poisoned by an orc]
  3805 | D:3      | HP: 10/42 [poisoned by an orc]
  3810 | D:3      | HP: 9/42 [poisoned by an orc]
  3818 | D:3      | HP: 8/42 [poisoned by an orc]
  3826 | D:3      | HP: 7/42 [poisoned by an orc]
  4023 | D:3      | Noticed Natasha
  4027 | D:3      | Killed Natasha
  4127 | D:3      | HP: 21/42 [orc priest/falchion (9)]
  4362 | D:3      | Killed a slave
  4511 | D:3      | HP: 18/42 [orc wizard/dagger of flaming (5)]
  4513 | D:3      | Reached XP level 7. HP: 14/46 MP: 7/7
  4861 | D:3      | HP: 23/46 [Pikel/whip of electrocution (8)]
  4864 | D:3      | Killed Pikel
  4864 | D:3      | Reached skill level 7 in Unarmed Combat
  4864 | D:3      | Reached XP level 8. HP: 15/54 MP: 8/8
  5287 | D:4      | Noticed inc's ghost (amateur OpFi)
  5318 | D:4      | Killed inc's ghost
  5858 | D:5      | Entered Level 5 of the Dungeon
  6086 | D:5      | Reached skill level 8 in Unarmed Combat
  6350 | D:5      | Found a snail-covered altar of Cheibriados.
  6352 | D:5      | Found a bloodstained altar of Trog.
  6737 | D:5      | HP: 27/54 [centaur (9)]
  7236 | D:5      | Found a basalt altar of Yredelemnul.
  7288 | D:6      | Reached XP level 9. HP: 50/60 MP: 9/9
  7384 | D:6      | Reached skill level 5 in Shields
  7546 | D:6      | Reached skill level 5 in Fighting
  7546 | D:6      | Reached skill level 5 in Dodging
  7554 | D:6      | Found a staircase to the Ecumenical Temple.
  7590 | Temple   | Entered the Ecumenical Temple
  7723 | Temple   | Became a worshipper of Gozag Ym Sagoz the Greedy
  8560 | D:7      | Reached skill level 9 in Unarmed Combat
  8606 | D:7      | Noticed eccles's ghost (novice MiBe)
  8862 | D:7      | HP: 28/61 [eccles's ghost (14)]
  8867 | D:7      | Killed eccles's ghost
  9070 | D:7      | Reached XP level 10. HP: 68/68 MP: 10/10
  9458 | D:8      | Reached skill level 10 in Unarmed Combat
  9466 | D:8      | Found a huge runed gate.
  9466 | D:8      | Found a huge runed gate.
  9467 | D:8      | Found a huge runed gate.
  9467 | D:8      | Noticed a manticore
  9561 | D:8      | Found a huge runed gate.
 10002 | D:9      | Noticed Joseph
 10021 | D:9      | Killed Joseph
 10478 | D:9      | HP: 34/69 [poisoned by a killer bee]
 10479 | D:9      | Noticed Maurice
 10483 | D:9      | HP: 31/69 [poisoned by a killer bee]
 10487 | D:9      | Killed Maurice
 10489 | D:9      | HP: 30/71 [poisoned by a killer bee]
 10496 | D:9      | HP: 29/71 [poisoned by a killer bee]
 10503 | D:9      | HP: 28/71 [poisoned by a killer bee]
 10511 | D:9      | HP: 28/71 [poisoned by a killer bee]
 10744 | D:9      | Found a staircase to the Lair.
 10962 | D:9      | Noticed Erica
 10976 | D:9      | Killed Erica
 10976 | D:9      | Reached skill level 11 in Unarmed Combat
 10976 | D:9      | Reached skill level 1 in Evocations
 10976 | D:9      | Reached XP level 11. HP: 50/75 MP: 11/11
 11143 | D:9      | Found a shadowy altar of Dithmenos.
 11385 | D:9      | Noticed Erolcha
 11429 | D:10     | Entered Level 10 of the Dungeon
 11784 | D:10     | Found a roughly hewn altar of Beogh.
 11784 | D:10     | Found a staircase to the Orcish Mines.
 12096 | D:10     | Noticed an orc knight
 12316 | D:11     | Noticed a white ugly thing
 12331 | D:11     | HP: 29/75 [white ugly thing (10)]
 12333 | D:11     | HP: 8/75 [white ugly thing (12)]
 12334 | D:11     | Killed a white ugly thing
 12906 | D:11     | Noticed Nergalle
 13000 | D:11     | Reached skill level 5 in Stealth
 13002 | D:11     | HP: 33/75 [vampire mosquito (10)]
 13021 | D:11     | HP: 30/75 [vampire mosquito (4)]
 13027 | D:11     | HP: 15/75 [vampire mosquito (11)]
 13036 | D:11     | HP: 34/112 [vampire mosquito (10)]
 13501 | D:11     | HP: 37/76 [yak (6)]
 13862 | D:11     | Killed Nergalle
 13876 | D:11     | Identified the +4 pair of boots "Jeular" {rElec rC+ Str+3 Int-5} (You found it on level 11 of the Dungeon)
 14360 | D:12     | Found the +4 Vampire's Tooth {vamp}
 14665 | D:12     | Noticed a white ugly thing
 14671 | D:12     | Killed a white ugly thing
 14671 | D:12     | Reached skill level 12 in Unarmed Combat
 14739 | D:12     | Found a glowing silver altar of Zin.
 14739 | D:12     | Noticed an angel
 14745 | D:12     | Found a runed door.
 15136 | D:12     | Noticed an eight-headed hydra
 15145 | D:12     | HP: 34/77 [eight-headed hydra (18)]
 15147 | D:12     | HP: 13/77 [eight-headed hydra (12)]
 15148 | D:12     | Killed an eight-headed hydra
 15148 | D:12     | Reached XP level 12. HP: 14/84 MP: 15/15
 15753 | D:13     | Noticed a centaur warrior
 15765 | D:13     | HP: 42/84 [something (6)]
 15770 | D:13     | HP: 37/84 [something (2)]
 16097 | D:13     | Noticed a centaur warrior
 16110 | D:13     | Killed a centaur warrior
 16118 | D:13     | Noticed a vault guard
 16231 | D:12     | Bought a book of the Earth for 910 gold pieces
 16238 | D:12     | Learned a level 6 spell: Statue Form
 16404 | D:13     | HP: 34/84 [vault guard/bardiche (29)]
 16406 | D:13     | Killed a vault guard
 16406 | D:13     | Reached skill level 1 in Transmutations
 16406 | D:13     | Reached skill level 1 in Earth Magic
 17006 | D:13     | Noticed a fire dragon
 17280 | D:12     | Reached skill level 1 in Spellcasting
 17293 | D:13     | Paralysed by an orc sorcerer for 6 turns
 17298 | D:13     | HP: 33/84 [orc sorcerer/bolt of fire (27)]
 17545 | D:13     | Noticed an ice dragon
 17546 | D:13     | Noticed an entropy weaver
 17546 | D:13     | HP: 36/84 [ice dragon/blast of cold (27)]
 17552 | D:12     | HP: 35/84 [ice devil[an orc sorcerer] (3)]
 18269 | Orc:1    | Entered Level 1 of the Orcish Mines
 18390 | Orc:1    | Found Baicho's Magic Scroll Shop.
 18411 | Orc:1    | Found Ethinoofeu's Food Emporium.
 18513 | Orc:1    | Noticed Josephine
 18514 | Orc:1    | Found a roughly hewn altar of Beogh.
 18771 | Lair:1   | Entered Level 1 of the Lair of Beasts
 19069 | Lair:1   | HP: 41/84 [poisoned by a black mamba]
 19074 | Lair:1   | HP: 37/84 [poisoned by a black mamba]
 19079 | Lair:1   | HP: 35/84 [poisoned by a black mamba]
 19084 | Lair:1   | HP: 34/84 [poisoned by a black mamba]
 19090 | Lair:1   | HP: 33/84 [poisoned by a black mamba]
 19098 | Lair:1   | HP: 33/84 [poisoned by a black mamba]
 19108 | Lair:1   | HP: 27/84 [crocodile (7)]
 19394 | Lair:1   | Reached skill level 13 in Unarmed Combat
 19515 | Lair:1   | Reached XP level 13. HP: 57/90 MP: 16/16
 19519 | Lair:1   | HP: 44/90 [yak (14)]
 19525 | Lair:1   | HP: 41/90 [yak (4)]
 20673 | Lair:2   | Found a staircase to the Snake Pit.
 20895 | Lair:2   | HP: 44/90 [black mamba (8)]
 20901 | Lair:2   | HP: 42/90 [poisoned by a black mamba]
 20907 | Lair:2   | HP: 40/90 [poisoned by a black mamba]
 20912 | Lair:2   | HP: 40/90 [poisoned by a black mamba]
 20920 | Lair:2   | HP: 40/90 [poisoned by a black mamba]
 22215 | Lair:3   | HP: 39/90 [black mamba (10)]
 22220 | Lair:3   | HP: 31/90 [poisoned by a black mamba]
 22225 | Lair:3   | HP: 25/90 [poisoned by a black mamba]
 22230 | Lair:3   | HP: 21/90 [poisoned by a black mamba]
 22235 | Lair:3   | HP: 18/90 [poisoned by a black mamba]
 22241 | Lair:3   | HP: 17/90 [poisoned by a black mamba]
 22247 | Lair:3   | HP: 16/90 [poisoned by a black mamba]
 22255 | Lair:3   | HP: 16/90 [poisoned by a black mamba]
 22591 | Lair:3   | Found a staircase to the Shoals.
 22840 | Lair:3   | Reached skill level 5 in Evocations
 23105 | Lair:4   | Noticed Rupert
 23196 | Lair:4   | HP: 39/90 [komodo dragon (29)]
 23489 | Lair:4   | Found a labyrinth entrance.
 23636 | Lab      | Entered a labyrinth
 23748 | Lab      | Noticed a minotaur
 23758 | Lab      | Killed a minotaur
 23766 | Lab      | Identified the Reference Book on Protection and the Rocks
 23767 | Lab      | Got a slimy platinum amulet
 23767 | Lab      | Got a crystal halberd
 23816 | Lair:4   | Identified the amulet of Moral Flaws {+Rage rC+ Int+2} (You found it in a labyrinth)
 24202 | Lair:4   | Got a dazzling hand axe
 24204 | Lair:4   | Identified the +10 hand axe of Destiny {distort, +Rage rN+} (You found it on level 4 of the Lair of Beasts)
 25482 | Lair:5   | Found a viscous altar of Jiyva.
 25487 | Lair:5   | Found a staircase to the Slime Pits.
 25653 | Lair:6   | Entered Level 6 of the Lair of Beasts
 25670 | Lair:5   | Reached skill level 14 in Unarmed Combat
 25670 | Lair:5   | HP: 36/92 [crocodile (11)]
 25677 | Lair:5   | HP: 29/92 [hippogriff (4)]
 25684 | Lair:5   | HP: 29/92 [hippogriff (1)]
 26025 | Lair:6   | HP: 44/92 [hippogriff (6)]
 26398 | Lair:6   | Reached skill level 10 in Shields
 26647 | Lair:6   | Reached skill level 10 in Fighting
 26647 | Lair:6   | Reached skill level 10 in Dodging
 26896 | Lair:6   | Reached XP level 14. HP: 90/99 MP: 18/18
 27477 | Lair:6   | HP: 38/99 [death yak (28)]
 27480 | Lair:6   | Slain by a death yak

Skill      XL: |  1  2  3  4  5  6  7  8  9 10 11 12 13 14 |
---------------+-------------------------------------------+-----
Unarmed Combat | 3 4 5 6 7 8 9 11 12 13 14 | 14.4
Stealth        | 1 3 4 5 6 7 |  7.4
Dodging        | 4 6 7 8 9 10 | 10.2
Shields        | 4 6 7 8 9 10 | 10.2
Fighting       | 4 6 7 8 9 10 | 10.2
Evocations     | 1 4 6 |  6.0
Transmutations | 3 |  3.8
Earth Magic    | 3 |  3.8
Spellcasting   | 1 |  1.3

Action                   |  1- 3 |  4- 6 |  7- 9 | 10-12 | 13-15 || total
-------------------------+-------+-------+-------+-------+-------++-------
Melee: Unarmed           |    71 |   138 |   188 |   647 |   431 ||  1475
       Constrict         |    26 |    39 |    31 |    82 |    55 ||   233
       Tentacles         |    15 |    32 |    40 |   156 |    98 ||   341
       Punch             |     1 |     6 |    14 |    75 |    60 ||   156
Invok: Potion Petition   |       |       |       |     1 |       ||     1
       Call Merchant     |       |       |       |     1 |     1 ||     2
 Abil: Evoke Berserk Rag |       |       |       |       |     1 ||     1
Evoke: Wand              |       |       |       |     7 |     4 ||    11
       Phial of floods   |       |       |       |       |     1 ||     1
  Use: Scroll            |       |     9 |     4 |    11 |     7 ||    31
       Potion            |       |     1 |       |     1 |       ||     2
 Stab: Sleeping          |     1 |     2 |    12 |    18 |     8 ||    41
       Distracted        |       |       |     2 |     3 |     2 ||     7
  Eat: Chunk             |     1 |     7 |     9 |       |       ||    17
       Ration            |       |     1 |     2 |     9 |     8 ||    20
Armor: Skin              |    10 |    14 |    13 |    65 |    35 ||   137
Dodge: Dodged            |    24 |    53 |    96 |   241 |   189 ||   603
Block: Shield            |    31 |    63 |    61 |   284 |   213 ||   652

Vault maps used:
D:1:      dpeg_arrival_long_road, minmay_unequal
D:2:      serial_curves, eino_curves_01, eino_curves_02, eino_curves_03,
          uniq_robin
D:3:      zin_angel, elyvilon_altar_4, lemuel_doored_altar, uniq_natasha,
          uniq_terence
D:4:      cheibrodos_sewer_entry_sluice, first_ration, uniq_pikel
D:5:      kennysheep_mini_moat, grunt_temple_overflow_open
D:6:      minmay_temple_entry_trees, serial_column_ruins,
          column_ruins_columns_corner, column_ruins_open_tiny_water,
          column_ruins_open_tiny, column_ruins_grid_3, column_ruins_open_tiny
D:8:      lemuel_bear_cage, grunt_pizzeria
D:9:      grunt_lair_entry_orc_guard_hut, grunt_dithmenos_smoke, uniq_erolcha,
          uniq_maurice, uniq_erica, uniq_joseph
D:10:     david_orc_5
D:11:     uniq_nergalle
D:12:     lemuel_angel_altar
D:13:     minmay_the_grid_4x2, david_vaults_5, serial_park_tiny_2
Temple:   nicolae_temple_elliptical
Lair:1:   lemuel_fruit_fields, serial_bayou_shore_b, grunt_megastairs_1
Lair:2:   guppyfry_snake_entry_garden
Lair:3:   elwin_shoals_entry_stream
Lair:4:   lab_entry_generic, uniq_rupert
Lair:5:   minmay_lair_oklob_tunnel, slime_altar_1, cheibrodos_lair_reptile_den,
          lemuel_fruit_tree
Lair:6:   evilmike_catoblepas_cave
Orc:1:    basic_altar, serial_shops, shop, nicolae_shop_behind_doors,
          nicolae_shop_crystal, shop_fountains, uniq_josephine
Lab:      labyrinth_hidden_loot, nicolae_lab_do_over
Sewer:    sewer_kobolds
